 Dungeon Crawl Stone Soup version 0.14.2-1-g46dc7f8a84 (webtiles) character file.

81 Hugehornet the Sneak (level 3, -3/20 HPs)
             Began as a Kobold Artificer on May 14, 2020.
             Slain by a giant goldfish (12 damage)
             ... on Level 2 of the Dungeon.
             The game lasted 00:02:49 (1283 turns).

Hugehornet the Sneak (Kobold Artificer)             Turns: 1283, Time: 00:02:49

HP  -3/20        AC  3     Str 10      XL: 3   Next: 72%
MP   4/4         EV 13     Int 10      God:
Gold 41          SH  0     Dex 16      Spells:  0 memorised,  2 levels left

rFire  . . .     SeeInvis .     a - +0 short sword
rCold  . . .     Clarity  .     e - +0 leather armour
rNeg   . . .     Conserve +     (no shield)
rPois  .         rCorr    .     (no helmet)
rElec  .         rRot     .     (no cloak)
SustAb . .       Spirit   .     (no gloves)
rMut   .         Warding  .     (no boots)
Saprov + + .     Stasis   .     j - amulet of conservation {unknown}
MR     .....                    (no ring)
                                (no ring)

@: not resistant to hostile enchantments, stealthy
A: disease resistance, carnivore 3, saprovore 2
a: no special abilities


You were on level 2 of the Dungeon.
You were very full.

You visited 1 branch of the dungeon, and saw 2 of its levels.

You collected 41 gold pieces.

Inventory:

Hand weapons
 a - a +0,+0 short sword (weapon)
Armour
 e - a +0 leather armour (worn)
Magical devices
 b - a wand of flame (14)
 c - a wand of enslavement (14)
 d - a wand of random effects (15)
Comestibles
 f - a meat ration
 i - an orange
 o - a pear
 r - a bread ration
 s - an apricot
Scrolls
 h - 3 scrolls of enchant weapon I {unknown}
 k - a scroll of random uselessness {unknown}
 m - a scroll of enchant armour {unknown}
 p - a scroll of blinking {unknown}
 q - 3 scrolls of fog {unknown}
 t - a scroll of teleportation {unknown}
Jewellery
 j - an amulet of conservation (around neck) {unknown}
Potions
 g - a potion of might {unknown}
 l - 2 potions of lignification {unknown}
 n - a potion of heal wounds {unknown}


   Skills:
 - Level 1.1 Fighting
 - Level 2.0 Short Blades
 - Level 2.4 Dodging
 * Level 4.5 Stealth
 - Level 3.6 Evocations


You had 2 spell levels left.
You didn't know any spells.

Dungeon Overview and Level Annotations

Branches:
Dungeon (2/15)

Altars:


Innate Abilities, Weirdness & Mutations

You recuperate from illness quickly.
You are small and have problems with some larger weapons.
You are carnivorous and can eat meat at any time.
You can eat rotten meat.


Message History

The kobold shouts!
The kobold barely misses you.
You completely miss the kobold. The kobold misses you.
You hit the kobold.
The kobold is heavily wounded.
The kobold barely misses you.
You hit the kobold but do no damage.
The kobold is heavily wounded.
The kobold hits you.
You hit the kobold but do no damage.
The kobold is heavily wounded.
The kobold closely misses you.
You barely miss the kobold.
The kobold is heavily wounded.
The kobold closely misses you.
You hit the kobold.
You kill the kobold!
The giant goldfish bites you! x2
Ouch! That really hurt!
You die...

......# #########...######
.(....# #..>.......P.P...#
.....)####...#......≈≈P..!#
...............P....≈≈≈..P#
......####...#P≈..P≈≈≈≈..P#
......<........≈≈%≈≈≈≈≈≈≈...
......####.....♣{≈≈≈≈≈≈≈≈...
###.### #...#..P;≈≈≈≈≈≈≈P.
#%# ##.##.P@;≈≈≈≈≈≈%.
###%#######.#...P%≈≈≈≈≈≈.
................P.P≈≈≈≈≈
###.#....##.##...P..≈≈.P
.##.#....##.##.PPP.....P
.................##.###
.##.#....##.##...# .#
#.#............. ..
#.#.....#.##...##


You could see 2 giant goldfish.

Vanquished Creatures
  An adder (D:2)
  A bat (D:1)
  7 goblins (D:1)
  4 hobgoblins (D:1)
  A jackal (D:1)
  5 kobolds
  2 giant cockroaches (D:1)
  4 rats (D:1)
25 creatures vanquished.

Vanquished Creatures (collateral kills)
  Ijyb (D:2)
  A giant cockroach (D:2)
2 creatures vanquished.

Grand Total: 27 creatures vanquished

Notes
Turn   | Place    | Note
--------------------------------------------------------------
     0 | D:1      | Hugehornet, the Kobold Artificer, began the quest for the Orb.
     0 | D:1      | Reached XP level 1. HP: 12/12 MP: 1/1
   180 | D:1      | Reached XP level 2. HP: 13/16 MP: 3/3
   707 | D:1      | Reached XP level 3. HP: 15/20 MP: 4/4
   959 | D:2      | Noticed Ijyb
   971 | D:2      | Reached skill level 4 in Stealth
   987 | D:2      | Killed Ijyb
  1235 | D:2      | Noticed a giant goldfish
  1240 | D:2      | Noticed a giant goldfish
  1243 | D:2      | Noticed a giant goldfish
  1283 | D:2      | Slain by a giant goldfish

Action                   || total
-------------------------++-------
Melee: Short sword       ||    85
Evoke: Wand              ||     2
 Stab: Sleeping          ||     4
